 Dungeon Crawl Stone Soup version 0.22-a0-782-g038298e (webtiles) character file.

2 mhoghedin the Conjurer (level 1, -1/10 HPs)
             Began as a Kobold Conjurer on July 20, 2018.
             Killed from afar by a dart slug (4 damage)
             ... with a slug dart
             ... on level 1 of the Dungeon.
             The game lasted 00:00:46 (192 turns).

mhoghedin the Conjurer (Kobold Conjurer)             Turns: 192, Time: 00:00:46

Health: -1/10      AC:  2    Str:  5    XL:     1   Next: 44%
Magic:  0/3        EV: 15    Int: 16    God:
Gold:   6          SH:  0    Dex: 15    Spells: 3/4 levels left

rFire    . . .     SeeInvis .   (weapon restricted)
rCold    . . .     Gourm    .   (shield restricted)
rNeg     . . .     Faith    .   a - +0 robe
rPois    .         Spirit   .   (no helmet)
rElec    .         Reflect  .   (no cloak)
rCorr    .         Harm     .   (no gloves)
MR       .....                  (no boots)
Stlth    ++........             (no amulet)
HPRegen  0.03/turn              (no ring)
MPRegen  0.08/turn              (no ring)

@: no status effects
A: small, carnivore
a: no special abilities


You were on level 1 of the Dungeon.
You were not hungry.

You visited 1 branch of the dungeon, and saw 1 of its levels.

You collected 6 gold pieces.

Inventory:

Armour
 a - a +0 robe (worn)
Scrolls
 d - a scroll of teleportation {unknown}
 e - a scroll of identify {unknown}
Potions
 b - a potion of heal wounds {unknown}
Comestibles
 c - a ration


   Skills:
 - Level 2.4 Dodging
 - Level 2.6 Stealth
 + Level 2.3 Spellcasting
 + Level 4.0 Conjurations


You had 3 spell levels left.
You knew the following spells:

 Your Spells              Type           Power        Failure   Level  Hunger
a - Magic Dart            Conj           ##..         3%          1    #......

Your spell library contained the following spells:

 Spells                   Type           Power        Failure   Level  Hunger
 Iskenderun's Mystic Bla  Conj           ##......     36%         4    #####..
 Fulminant Prism          Conj/Hex       #.........   65%         4    #####..
 Dazzling Spray           Conj/Hex       #.....       26%         3    ###....
 Force Lance              Conj/Tloc      #.......     65%         4    #####..
 Searing Ray              Conj           ##....       6%          2    ###....


Dungeon Overview and Level Annotations

Branches:
Dungeon (1/15)

Altars:


Innate Abilities, Weirdness & Mutations

You are small and have problems with some larger weapons.
You are carnivorous and can eat meat at any time.


Message History

Welcome, mhoghedin the Kobold Conjurer.
The bosom of this dungeon contains the fabled artefact, the Orb of Zot.
Found a cyan potion and 6 gold pieces.
Found two stairs.
b - a cyan potion You now have 6 gold pieces.
d - a scroll labeled KACOEME XEEFRU A goblin comes into view.
The goblin shouts!
Aim: a goblin The magic dart hits the goblin.
You now have 2/3 mp.
Aim: a goblin (severely wounded)
You miscast Magic Dart.
You are very lightly contaminated with residual magic.
Strange energies run through your body.
You now have 1/3 mp.
Aim: a goblin (severely wounded)
The magic dart hits the goblin.
You kill the goblin!
You now have 0/3 mp.
You start resting.
Your magical contamination has completely faded away.
What are your orders? t - Shout!
Orders for allies: a - Attack new target. r - Retreat! s - Stop attacking. g - Guard the area. f - Follow me.
Anything else - Cancel.
Okay, then.
Unknown command.
You start resting.
MP restored: 3 You see here a goblin corpse.
A giant cockroach comes into view.
A giant cockroach is nearby!
Unknown command.
Aim: a giant cockroach (clinging, resting)
The magic dart hits the giant cockroach.
You now have 2/3 mp.
Aim: a giant cockroach (severely wounded, clinging)
The magic dart hits the giant cockroach.
You now have 1/3 mp.
Aim: a giant cockroach (almost dead, clinging)
The magic dart hits the giant cockroach.
You kill the giant cockroach!
You now have 0/3 mp.
You start resting.
MP restored: 3
e - a scroll labeled JUGISA ARILAISIB
Found a stone staircase leading down.
A dart slug comes into view.
Aim: a dart slug (clinging, resting)
The magic dart hits the dart slug.
You now have 2/3 mp.
Aim: a dart slug (moderately wounded, clinging)
The magic dart hits the dart slug.
The dart slug launches a dart at you. The slug dart misses you.
You now have 1/3 mp.
Aim: a dart slug (lightly wounded, clinging)
The magic dart hits the dart slug.
You now have 0/3 mp.
The dart slug launches a dart at you. The slug dart misses you.
The dart slug launches a dart at you. The slug dart misses you.
The dart slug launches a dart at you. The slug dart hits you!
Ouch! That really hurt!
You take 5 damage, and have 5/10 hp.
MASSIVE DAMAGE!!
You start resting.
The dart slug is too close now for your liking.
The dart slug launches a dart at you. The slug dart misses you.
You hit the dart slug but do no damage. The dart slug launches a dart at you.
The slug dart misses you.
Aim: a dart slug (moderately wounded, clinging)
The magic dart hits the dart slug.
The dart slug bites you.
You take 1 damage, and have 4/10 hp.
You now have 0/3 mp.
Unknown command.
You hit the dart slug but do no damage. The dart slug launches a dart at you.
The slug dart hits you!
* * * LOW HITPOINT WARNING * * *
You take 1 damage, and have 3/10 hp.
Unknown command.
You hit the dart slug but do no damage. You hit the dart slug.
The dart slug launches a dart at you. The slug dart hits you!
You die...

#.#.. ..#.#..#
# #.#.#..#.#
#.#.#..#.#
#.#.#....# #
#.#.#....#
#.#).....>.#
#.#.#w#.#.##
#.....@.#
###.#.#.#
#......# #
#..#.#.#.#
#..#.#.#.#
#..(.....#
###.#.#.####.#
.............#
###.#.#.######


You could see a dart slug.

Vanquished Creatures
  A giant cockroach (D:1)
  A goblin (D:1)
2 creatures vanquished.

Notes
Turn   | Place    | Note
-------+----------+-------------------------------------------
     0 | D:1      | mhoghedin the Kobold Conjurer began the quest for the Orb.
     0 | D:1      | Reached XP level 1. HP: 10/10 MP: 3/3
   192 | D:1      | Killed from afar by a dart slug

Vault maps used:
D:1:      dpeg_arrival_stonehenge_8_columns

Action                   || total
-------------------------++-------
Melee: Unarmed           ||     4
 Cast: Magic Dart        ||     9
Dodge: Dodged            ||     5

Table legend:
 A = Spawn XP
 B = Non-spawn XP
 C = Spawn XP percentage of total XP
 D = Spawn monster count
 E = Non-spawn monster count
 F = Spawn count percentage of total count
 G = Total turns spent on level
                    A         B        C        D         E        F      G
               +---------+---------+-------+---------+---------+-------+---------
         Total |       0 |       4 |   0.0 |       0 |       2 |   0.0 |   192
               +---------+---------+-------+---------+---------+-------+---------
           D:1 |       0 |       4 |   0.0 |       0 |       2 |   0.0 |   192
               +---------+---------+-------+---------+---------+-------+---------

Vault maps used:
D:1:      dpeg_arrival_stonehenge_8_columns

Table legend:
 A = Turns spent in this place as a percentage of turns spent in the entire game.
 B = Non-inter-level travel turns spent in this place as a percentage of non-inter-level travel turns spent in the entire game.
 C = Inter-level travel turns spent in this place as a percentage of turns spent in this place.
 D = Turns resting spent in this place as a percentage of non-inter-level travel turns spent in this place.
 E = Turns spent auto-exploring this place as a percentage of non-inter-level travel turns spent in this place.
 F = Non-inter-level travel turns spent in this place divided by the number of levels of this place that you've seen.
                   A       B       C       D       E      F
               +-------+-------+-------+-------+-------+----------------------
         Total | 100.0 | 100.0 |   0.0 |  37.0 |  49.0 | 192.0
       Dungeon | 100.0 | 100.0 |   0.0 |  37.0 |  49.0 | 192.0
               +-------+-------+-------+-------+-------+----------------------

Table legend:
 A = Kills in this place as a percentage of kills in entire the game.
 B = Kills by you in this place as a percentage of kills by you in the entire game.
 C = Kills by friends in this place as a percentage of kills by friends in the entire game.
 D = Other kills in this place as a percentage of other kills in the entire game.
 E = Experience gained in this place as a percentage of experience gained in the entire game.
 F = Experience gained in this place divided by the number of levels of this place that you have seen.
                   A       B       C       D       E      F
               +-------+-------+-------+-------+-------+----------------------
         Total | 100.0 | 100.0 |   N/A |   N/A | 100.0 |   4.0
       Dungeon | 100.0 | 100.0 |   N/A |   N/A | 100.0 |   4.0
               +-------+-------+-------+-------+-------+----------------------
